 Dungeon Crawl Stone Soup version 0.18.1-50-g88ac8fd (webtiles) character file.

192 Gargoyl the Distorting Demonspawn (level 5, -1/63 HPs)
             Began as a Demonspawn Abyssal Knight on Oct 18, 2016.
             Was a Believer of Lugonu.
             Slain by a gnoll
             ... wielding a +0 halberd
              (4 damage)
             ... on level 3 of the Dungeon.
             The game lasted 00:04:44 (2269 turns).

Gargoyl the Distorting Demonspawn (DsAK)            Turns: 2269, Time: 00:04:44

Health: -1/63      AC: 12    Str: 17 (18) XL:     5   Next: 42%
Magic:  8/8        EV:  7    Int: 13 (14) God:    Lugonu [**....]
Gold:   161        SH:  0    Dex: 10 (12) Spells: 0 memorised, 4 levels left

rFire  . . .     SeeInvis +     a - +1 hand axe
rCold  . . .     Gourm    .     y - +0 chain mail
rNeg   . . .     Faith    .     (no shield)
rPois  .         Spirit   .     i - +0 helmet
rElec  .         Dismiss  .     e - +1 cloak
rCorr  .         Reflect  .     (no gloves)
SustAt .         Harm     .     (no boots)
MR     .....                    (no amulet)
Stlth  ..........               (no ring)
                                b - ring of see invisible

@: berserking, very quick, not resistant to hostile enchantments, extremely
unstealthy
A: hooves 2, powered by death 1
a: Depart the Abyss, Bend Space, Renounce Religion


You were on level 3 of the Dungeon.
You worshipped Lugonu.
Lugonu was pleased with you.
You were not hungry.

You visited 1 branch of the dungeon, and saw 3 of its levels.
You visited the Abyss 1 time.

You collected 161 gold pieces.

Inventory:

Hand Weapons
 a - a +1 hand axe (weapon)
Missiles
 h - 8 tomahawks (quivered)
Armour
 e - a +1 cloak (worn)
 i - a +0 helmet (worn)
 y - a +0 chain mail (worn)
Jewellery
 b - a ring of see invisible (left hand)
Wands
 d - a wand of iceblast (5/15)
 x - a wand of random effects (27/48)
Scrolls
 f - a scroll of recharging
 g - a scroll of enchant armour {unknown}
 k - a scroll of immolation {unknown}
 l - 2 scrolls of identify
 o - a scroll of enchant weapon {unknown}
 q - a scroll of teleportation {unknown}
 s - a scroll of random uselessness {unknown}
 t - a scroll of remove curse {unknown}
 v - 2 scrolls of fog {unknown}
Potions
 w - a potion of might {unknown}
Comestibles
 c - 2 bread rations
 j - a slice of pizza
 r - 3 chunks of flesh
 u - 2 meat rations


   Skills:
 + Level 3.8 Fighting
 + Level 2.5 Axes
 * Level 2.9 Armour
 + Level 2.2 Dodging
 * Level 4.0 Invocations


You had 4 spell levels left.
You didn't know any spells.

Dungeon Overview and Level Annotations

Branches:
Dungeon (3/15)

Altars:
Fedhas
Kikubaaqudgha
Nemelex Xobeh
Trog
The Shining One


Innate Abilities, Weirdness & Mutations

You have hoof-like feet.
You regenerate a little health from kills.


Message History

Drink which item? (? for menu, Esc to quit)
It was a potion of degeneration.
There was something very wrong with that liquid.
You feel weakened.
You feel dopey.
You feel clumsy. The gnoll hits you but does no damage.
The gnoll barely misses you. The gnoll hits you with a club.
* * * LOW HITPOINT WARNING * * *
The gnoll barely misses you.
Drink which item? (? for menu, Esc to quit)
It was a potion of curing.
You feel better. The gnoll closely misses you. The gnoll hits you with a flail!
* * * LOW HITPOINT WARNING * * *
The gnoll barely misses you.
Some of the chunks of flesh in your inventory have rotted away.
Drink which item? (? for menu, Esc to quit)
It was a potion of berserk rage.
A red film seems to cover your vision as you go berserk!
You feel yourself moving faster!
You feel mighty!
The gnoll hits you from afar with a halberd.
You die...

...###..........#
...........# ####
#..........#............#
#............#..........#
##...........#..........# .
#........###...........##..
####...#....#
#.#########.....
####.....##.#####g.#
####.#### ...)....##..####gg#
#....># ..########.###.g@#
#.....# ####### ##.# #.###
#.....# #...###..# #.#
##.....# #.......## #.#
####......#
#....#######.######.........#
#...######.............##.###
#...# #...(..####..######.#
#...# #..###......## ###
###.###..###.###### ##_##


You could see 4 gnolls.

Vanquished Creatures
  Crazy Yiuf (D:3)
  Natasha (D:3)
  A worker ant (D:3)
  4 adders
  An ufetubus (Abyss:2)
  A worm (D:2)
  A dart slug (D:1)
  2 giant geckos (D:3)
  2 orcs (D:3)
  6 bats
  3 giant cockroaches
  6 goblins
  4 hobgoblins
  10 jackals
  6 kobolds
  2 quokkas (D:2)
  3 ball pythons
  5 giant newts
  4 rats
63 creatures vanquished.

Notes
Turn   | Place    | Note
--------------------------------------------------------------
     0 | Abyss:1  | Gargoyl the Demonspawn Abyssal Knight began the quest for the Orb.
     0 | Abyss:1  | Reached XP level 1. HP: 18/18 MP: 2/2
    51 | Abyss:1  | Noticed a shadow
   109 | Abyss:2  | Noticed a wretched star
   110 | D:1      | Escaped the Abyss
   313 | D:1      | Gained mutation: You regenerate a little health from kills. [demonic ancestry]
   313 | D:1      | Reached XP level 2. HP: 21/24 MP: 3/3
   314 | D:1      | Reached skill level 1 in Dodging
   338 | D:1      | Reached * piety under Lugonu
  1023 | D:2      | Reached XP level 3. HP: 29/29 MP: 5/5
  1056 | D:2      | Reached skill level 3 in Invocations
  1360 | D:2      | Gained mutation: You have large cloven feet. [demonic ancestry]
  1360 | D:2      | Reached XP level 4. HP: 35/35 MP: 6/6
  1469 | D:2      | Found a bloodstained altar of Trog.
  1469 | D:2      | Found a glowing golden altar of the Shining One.
  1512 | D:2      | Reached ** piety under Lugonu
  1792 | D:3      | Noticed Crazy Yiuf
  1829 | D:3      | Killed Crazy Yiuf
  2023 | D:3      | Gained mutation: You have hoof-like feet. [demonic ancestry]
  2023 | D:3      | Reached XP level 5. HP: 34/42 MP: 7/7
  2068 | D:3      | Found a blossoming altar of Fedhas.
  2069 | D:3      | Found a sparkling altar of Nemelex Xobeh.
  2197 | D:3      | Noticed Natasha
  2208 | D:3      | Killed Natasha
  2208 | D:3      | Reached skill level 4 in Invocations
  2222 | D:3      | Found an ancient bone altar of Kikubaaqudgha.
  2268 | D:3      | HP: 2/42 [gnoll/flail (8)]
  2269 | D:3      | Slain by a gnoll

Skill      XL: |  1  2  3  4  5 |
---------------+----------------+-----
Armour         | 2 |  2.9
Dodging        | 1 2 |  2.2
Axes           | 2 |  2.5
Invocations    | 3 4 |  4.0
Fighting       | |  3.8

Action                   |  1- 3 |  4- 6 || total
-------------------------+-------+-------++-------
Melee: Hand axe          |   119 |   136 ||   255
       Kick              |       |    27 ||    27
Invok: Depart the Abyss  |     1 |       ||     1
  Use: Scroll            |     2 |     1 ||     3
       Potion            |       |     4 ||     4
  Eat: Chunk             |     2 |     3 ||     5
Armor: Leather armour    |    43 |       ||    43
       Scale mail        |    30 |    32 ||    62
       Chain mail        |       |    74 ||    74
Dodge: Dodged            |   103 |    74 ||   177
